 Dungeon Crawl Stone Soup version 0.24-a0-784-g601f8f6d22 (webtiles) character file.

Game seed: 17529999104894052178, levelgen mode: deterministic

268 MisterFreud the Changer (level 6, -1/38 HPs)
             Began as an Octopode Transmuter on Oct 9, 2019.
             Slain by Grinder (2 damage)
             ... while paralysed by Grinder
             ... on level 4 of the Dungeon.
             The game lasted 00:05:45 (3600 turns).

MisterFreud the Changer (Octopode Transmuter)       Turns: 3600, Time: 00:05:46

Health: -1/38      AC:  1    Str:  9    XL:     6   Next: 21%
Magic:  11/11      EV:  2    Int: 18    God:
Gold:   293        SH:  0    Dex: 12    Spells: 6/12 levels left

rFire    . . .     SeeInvis .     - Unarmed
rCold    . . .     Gourm    .   (no shield)
rNeg     . . .     Faith    .   (helmet restricted)
rPois    .         Spirit   .   q - +3 amulet of reflection
rElec    .         Reflect  +   (no ring)
rCorr    .         Harm     .   (no ring)
MR       .....                  (no ring)
Stlth    ++........             (no ring)
HPRegen  0.12/turn              (no ring)
MPRegen  0.12/turn              (no ring)
                                (no ring)
                                (no ring)

@: paralysed, appendage (expiring)
A: almost no armour, stealthy swim, amphibious, 8 rings, constrict 8, tentacle
spike 3, camouflage 1, gelatinous body 1
a: End Transformation


You were on level 4 of the Dungeon.
You were not hungry.
One of your tentacles had a temporary spike.
You visited 1 branch of the dungeon, and saw 4 of its levels.

You collected 293 gold pieces.

Inventory:

Missiles
 a - 70 arrows
 b - 89 stones (quivered)
 f - 23 bolts
 h - 7 javelins
Jewellery
 q - a +3 amulet of reflection (around mantle)
Scrolls
 d - 5 scrolls of identify {unknown}
 e - a scroll of random uselessness {unknown}
 k - a scroll of fear
 l - 2 scrolls of enchant weapon
 n - a scroll of remove curse
 o - a scroll of immolation {unknown}
 r - a scroll of magic mapping
Potions
 g - 3 potions of ambrosia {unknown}
 i - a potion of mutation {unknown}
 j - 2 potions of curing {unknown}
 m - 2 potions of haste {unknown}
 p - a potion of agility {unknown}
Comestibles
 c - 4 rations


   Skills:
 - Level 1.0 Fighting
 - Level 2.0 Dodging
 - Level 3.0 Unarmed Combat
 + Level 3.6 Spellcasting
 * Level 5.3 Transmutations


You had 6 spell levels left.
You knew the following spells:

 Your Spells              Type           Power        Failure   Level  Hunger
a - Beastly Appendage     Tmut           ###...       1%          1    None
b - Sticks to Snakes      Tmut           ###.....     2%          2    ##.....
c - Spider Form           Tmut/Pois      ##........   16%         3    ###....

Your spell library contained the following spells:

 Spells                   Type           Power        Failure   Level  Hunger
 Blade Hands              Tmut           ###.......   43%         5    ######.
 Ice Form                 Ice/Tmut       ##......     45%         4    ####...


Dungeon Overview and Level Annotations

Branches:
Dungeon (4/15)
 Temple: D:4-7

Altars:
Dithmenos
Kikubaaqudgha
Makhleb
Trog

Shops:
D:4 :

Annotations:
D:4 Grinder


Innate Abilities, Weirdness & Mutations

You cannot wear most types of armour.
You are very stealthy in the water. (Stealth+)
You are amphibious.
You can wear up to eight rings at the same time.
You can use your tentacles to constrict eight enemies at once.
Your skin changes colour to match your surroundings (Stealth+).
Your rubbery body absorbs attacks. (AC +1, EV +1)
One of your tentacles bears a large vicious spike.


Message History

You tentacle-slap Grinder.
You pierce Grinder, but do no damage.
Grinder is heavily wounded.
You constrict Grinder. Grinder gestures at you. Pain shoots through your body!
You barely miss Grinder.
Grinder is severely wounded.
You constrict Grinder. Grinder gestures at you.
You suddenly lose the ability to move!
You lose your grip on Grinder.
Grinder hits you.
* * * LOW HITPOINT WARNING * * *
You writhe in agony.
* * * LOW HITPOINT WARNING * * *
Grinder gestures at you. You resist with significant effort. Grinder hits you.
* * * LOW HITPOINT WARNING * * *
You writhe in agony.
You die...

#.............................[..
#...............................#
##.............................##
#......................#...[.##
#....................####.######
##............#........# #.......
.##.......##.....#####..##....>..
..##..............#####..#.......
...###.##......5@................
...# #.#...............###.......
...###.............##.#####......
...'.....#.......................
...##..#)#........#.######.......
...###.#........###.# ###.#.####
...##....####....# # #...#.####
..##..#.## #..#.....# #.###.....
.###.#..# #..##.....# #.# #.....


You could see Grinder.

Vanquished Creatures
  A scorpion (D:4)
  2 worker ants (D:4)
  6 adders
  5 oozes
  An adder skeleton (D:2)
  A dart slug (D:1)
  3 worms
  4 leopard geckos
  2 orcs (D:3)
  A ball python (D:2)
  3 bat zombies (D:2)
  5 giant cockroaches
  7 hobgoblins
  3 jackals (D:2)
  7 kobolds
  A quokka (D:3)
  7 bats
  10 frilled lizards
  8 goblins
  4 rats
  4 rat zombies (D:2)
85 creatures vanquished.

Notes
Turn   | Place    | Note
-------+----------+-------------------------------------------
     0 | D:1      | MisterFreud the Octopode Transmuter began the quest for the
                  | Orb.
     0 | D:1      | Reached XP level 1. HP: 13/13 MP: 3/3
   264 | D:1      | Reached XP level 2. HP: 14/18 MP: 5/5
   271 | D:1      | Learned a level 2 spell: Sticks to Snakes
   470 | D:1      | Reached skill level 3 in Transmutations
   479 | D:1      | Reached XP level 3. HP: 8/23 MP: 4/6
  1098 | D:2      | Learned a level 3 spell: Spider Form
  1213 | D:2      | Reached XP level 4. HP: 27/28 MP: 6/8
  1793 | D:2      | Reached skill level 4 in Transmutations
  1950 | D:2      | Found an ancient bone altar of Kikubaaqudgha.
  2237 | D:2      | Reached XP level 5. HP: 31/33 MP: 9/9
  2752 | D:3      | Found a faded altar of an unknown god.
  2783 | D:3      | Found a burning altar of Makhleb.
  2851 | D:3      | Found a shadowy altar of Dithmenos.
  3290 | D:4      | Reached skill level 5 in Transmutations
  3311 | D:4      | Reached XP level 6. HP: 25/38 MP: 7/11
  3428 | D:4      | Found Ekumimum's Book Shoppe.
  3568 | D:4      | Noticed a moth of wrath
  3569 | D:4      | Noticed Grinder
  3570 | D:4      | Found a bloodstained altar of Trog.
  3597 | D:4      | Paralysed by Grinder for 6 turns
  3600 | D:4      | HP: 1/38 [Grinder (5)]
  3600 | D:4      | Slain by Grinder

Levels and vault maps discovered:
D:1:      scummos_arrival_hexagon, layout_rooms
D:2:      layout_loops_ring, lemuel_zombie_altar_kikubaaqudgha
D:3:      layout_rooms, overflow_temple_1_default, first_ration,
          chequers_ecumenical_altar_simple_redux,
          grunt_dithmenos_smoke_and_mirrors
D:4:      layout_rooms, tgw_trog, serial_shops, nicolae_shop_stone,
          minmay_bisected, uniq_grinder

Skill      XL: |  1  2  3  4  5 |
---------------+----------------+-----
Transmutations | 3 4 5 |  5.3
Spellcasting   | 3 |  3.6
Fighting       | |  1.0
Dodging        | |  2.0
Unarmed Combat | |  3.0

Action                   |  1- 3 |  4- 6 || total
-------------------------+-------+-------++-------
Melee: Unarmed           |    77 |   151 ||   228
       Kick              |     7 |    11 ||    18
       Constrict         |    22 |    31 ||    53
       Tentacles         |     6 |    24 ||    30
       Punch             |     1 |     1 ||     2
 Cast: Beastly Appendage |     5 |     5 ||    10
       Spider Form       |       |     4 ||     4
  Use: Scroll            |     6 |       ||     6
 Stab: Sleeping          |     4 |     7 ||    11
  Eat: Chunk             |     1 |     8 ||     9
Armor: Skin              |     8 |    18 ||    26
Dodge: Dodged            |    52 |    95 ||   147

Table legend:
 A = Non-vault XP
 B = Vault XP
 C = Vault XP percentage of total XP
 D = Non-vault monster count
 E = Vault monster count
 F = Vault count percentage of total count
                 A         B        C        D         E       F
            +---------+---------+-------+---------+---------+-------
      Total |     374 |      10 |   2.6 |      78 |       7 |   8.2
            +---------+---------+-------+---------+---------+-------
        D:1 |      57 |       0 |   0.0 |      29 |       0 |   0.0
        D:2 |     111 |      10 |   8.3 |      26 |       7 |  21.2
        D:3 |      43 |       0 |   0.0 |      16 |       0 |   0.0
        D:4 |     163 |       0 |   0.0 |       7 |       0 |   0.0
            +---------+---------+-------+---------+---------+-------
